 Dungeon Crawl Stone Soup version 0.26-a0-695-g987792ac36 (webtiles) character file.

Game seed: 11341394670052573771

10 ardl the Magician (level 2, -1/22 HPs)
             Began as a Hill Orc Hedge Wizard on Oct 26, 2020.
             Slain by a jackal (2 damage)
             ... on level 1 of the Dungeon.
             The game lasted 00:00:56 (242 turns).

ardl the Magician (Hill Orc Hedge Wizard)            Turns: 242, Time: 00:00:56

Health: -1/22      AC:  2    Str: 12    XL:     2   Next: 20%
Magic:  1/5        EV: 12    Int: 14    God:
Gold:   0          SH:  0    Dex: 10    Spells: 4/5 levels left

rFire    . . .     SeeInvis .   a - +0 dagger
rCold    . . .     Faith    .   (no shield)
rNeg     . . .     Spirit   .   b - +0 robe
rPois    .         Reflect  .   c - +0 hat
rElec    .         Harm     .   (no cloak)
rCorr    .         Rampage  .   (no gloves)
MR       .....                  (no boots)
Stlth    ++........             (no amulet)
HPRegen  0.07/turn              (no ring)
MPRegen  0.09/turn              (no ring)

@: no status effects
A: no striking features
a: no special abilities


You were on level 1 of the Dungeon.
You visited 1 branch of the dungeon, and saw 1 of its levels.

Inventory:

Hand Weapons
 a - a +0 dagger (weapon)
Armour
 b - a +0 robe (worn)
 c - a +0 hat (worn)
Scrolls
 e - a scroll of remove curse {unknown}
Potions
 d - a potion of curing {unknown}


   Skills:
 + Level 0.3 Fighting
 - Level 1.5 Dodging
 - Level 1.5 Stealth
 - Level 2.4 Spellcasting
 + Level 2.1 Conjurations
   Level 1.0 Summonings
   Level 0.7 Translocations


You had 4 spell levels left.
You knew the following spells:

 Your Spells              Type           Power        Failure   Level
a - Magic Dart            Conj           #...         10%         1

Your spell library contained the following spells:

 Spells                   Type           Power        Failure   Level
 Call Imp                 Summ           #.......     22%         2
 Blink                    Tloc           N/A          26%         2
 Slow                     Hex            #.......     34%         2
 Conjure Flame            Conj/Fire      #.......     41%         3
 Mephitic Cloud           Conj/Pois/Air  #.......     45%         3


Dungeon Overview and Level Annotations

Branches:
Dungeon (1/15)

Altars:


Message History

You kill the jackal!
Aim: a jackal The magic dart hits the jackal.
The jackal bites you.
* * * LOW HITPOINT WARNING * * *
You now have 1/5 mp.
Aim: a jackal (lightly wounded)
The magic dart hits the jackal but does no damage.
The jackal bites you.
* * * LOW HITPOINT WARNING * * *
The jackal bites you.
* * * LOW HITPOINT WARNING * * *
You take 4 damage, and have 1/22 hp.
You now have 0/5 mp.
You hit the jackal. The jackal completely misses you.
You hit the jackal but do no damage.
The jackal bites you but does no damage.
The jackal misses you.
You barely miss the jackal. The jackal closely misses you.
You hit the jackal but do no damage. The jackal closely misses you.
You hit the jackal. The jackal bites you.
You die...

##### ##.).## #..#..#
#.###h# #.. #@##
##.##.)# .###.# g##..#
h##.## # h##.# gh ##.#
######..################
........................


You could see a jackal.

Vanquished Creatures
  A giant cockroach (D:1)
  2 goblins (D:1)
  A hobgoblin (D:1)
  3 jackals (D:1)
  A rat (D:1)
8 creatures vanquished.

Notes
Turn   | Place    | Note
-------+----------+-------------------------------------------
     0 | D:1      | ardl the Hill Orc Hedge Wizard began the quest for the Orb.
     0 | D:1      | Reached XP level 1. HP: 14/14 MP: 3/3
   216 | D:1      | Reached XP level 2. HP: 15/20 MP: 0/5
   237 | D:1      | HP: 1/22 [jackal (2)]
   242 | D:1      | Slain by a jackal

Illustrated notes

Levels and vault maps discovered:
D:1:      lightli_arrival_maybe_door_vault, layout_rooms,
          serial_co_window_serial, co_window_paths_b, co_window_paths_a,
          co_window_paths_b, co_window_of_opportunity_a, co_window_corner_a,
          co_window_unsneaky_path_c, co_window_2corner, co_window_2corner,
          co_window_cross_2, co_window_paths_d, glass_columns_a,
          glass_columns_a, glass_columns_a, glass_columns_c

Skill      XL: |  1 |
---------------+----+-----
Conjurations   | 2 |  2.1
Fighting       | |  0.3
Dodging        | |  1.5
Stealth        | |  1.5
Spellcasting   | |  2.4
Summonings     | |  1.0
Translocations | |  0.7

Action                   || total
-------------------------++-------
Melee: Dagger            ||    31
 Cast: Magic Dart        ||    13
Armor: Robe              ||     4
Dodge: Dodged            ||    22

Table legend: (Time is in decaauts)
 A = Elapsed time spent in this place.
 B = Non-inter-level travel time spent in this place.
 C = Inter-level travel time spent in this place.
 D = Time resting spent in this place.
 E = Time spent auto-exploring this place.
 F = Levels seen in this place.
 G = Mean time per level.
                   A        B        C        D        E       F      G
               +--------+--------+--------+--------+--------+-----+--------+
         Total |    242 |    242 |      0 |     53 |    126 |   1 |  242.0 |
       Dungeon |    242 |    242 |      0 |     53 |    126 |   1 |  242.0 |
               +--------+--------+--------+--------+--------+-----+--------+

Top non-repeatable levels by time:
     D:1: 242 daAuts
